 Dungeon Crawl Stone Soup version 0.27-a0-1147-gb3d8e82157 (webtiles) character file.

Game seed: 13817865788089009498

114 freelancePsychic the Cudgeller (level 4, -3/39 HPs)
             Began as a Minotaur Abyssal Knight on May 11, 2021.
             Was a Believer of Lugonu.
             Splashed by a jelly's acid (9 damage)
             ... on level 4 of the Dungeon.
             The game lasted 00:08:42 (4506 turns).

freelancePsychic the Cudgeller (MiAK)               Turns: 4506, Time: 00:08:43

Health: -3/39      AC: -1    Str: 17    XL:     4   Next: 66%
Magic:  4/4        EV:  6    Int:  9    God:    Lugonu [**....]
Gold:   98         SH:  7    Dex: 10    Spells: 3/3 levels left

rFire    . . .     SeeInvis .   n - +0 morningstar
rCold    . . .     Faith    .   o - +0 kite shield
rNeg     . . .     Spirit   .   m - +0 scale mail
rPois    .         Reflect  .   (helmet restricted)
rElec    .         Harm     .   (no cloak)
rCorr    .         Rampage  .   (no gloves)
Will     .....                  (no boots)
Stlth    ..........             (no amulet)
HPRegen  0.13/turn              (no ring)
MPRegen  0.09/turn              (no ring)

@: corroded
A: horns 2, retaliatory headbutt
a: Renounce Religion, Depart the Abyss, Bend Space


You were on level 4 of the Dungeon.
You worshipped Lugonu.
Lugonu was pleased with you.
You visited 1 branch of the dungeon, and saw 4 of its levels.
You visited the Abyss 1 time.

You collected 98 gold pieces.

Inventory:

Hand Weapons
 a - a +1 mace
 b - a +0 hunting sling
 n - a +0 morningstar (weapon)
Missiles
 d - 55 stones (quivered)
 g - 4 curare-tipped darts
 h - 9 silver boomerangs
 p - 2 atropa-tipped darts
Armour
 k - a +0 leather armour
 m - a +0 scale mail (worn)
 o - a +0 kite shield (worn)
Jewellery
 l - a ring of protection from cold
Scrolls
 e - a scroll of enchant weapon {unknown}
 f - a scroll of blinking {unknown}
 j - 2 scrolls of enchant armour {unknown}
 q - a scroll of vulnerability {unknown}
Potions
 c - a potion of lignification
 i - 2 potions of curing {unknown}
 r - a potion of degeneration {unknown}


   Skills:
 - Level 3.6 Fighting
 * Level 5.9 Maces & Flails
 - Level 2.4 Armour
 - Level 1.1 Dodging
 + Level 2.0 Invocations


You had 3 spell levels left.
You didn't know any spells.
Your spell library was empty.

Dungeon Overview and Level Annotations

Branches:
Dungeon (4/15)
 Temple: D:4-7

Altars:
Okawaru
Sif Muna
Vehumet
Yredelemnul
The Shining One

Annotations:
D:3 3 runed translucent doors, leviel's ghost, weakling MiFi


Innate Abilities, Weirdness & Mutations

You have a pair of horns on your head.
You reflexively headbutt those who attack you in melee.


Message History

The quokka bites you but does no damage.
You hit the quokka.
The quokka is severely wounded.
The quokka barely misses you. The quokka bites you.
You puncture the quokka!
You kill the quokka!
Lugonu accepts your kill.
You see here a quokka corpse.
You see here a +0 hand axe.
You see here a +0 quarterstaff.
There is a stone staircase leading down here.
A jelly comes into view.
The jelly quivers.
A jelly is nearby!
The jelly hits you.
You are splashed with acid!
You hit the jelly. The acid corrodes you!
Your hands burn!
The jelly is moderately wounded.
You block the jelly's attack.
You hit the jelly. The acid corrodes you!
Your hands burn!
You headbutt the jelly.
The jelly is severely wounded.
The jelly hits you.
You are splashed with acid!
The jelly hits you.
You are splashed with acid!
* * * LOW HITPOINT WARNING * * *
You are too injured to fight recklessly!
You are too injured to fight recklessly!
You are too injured to fight recklessly!
You are too injured to fight recklessly!
You are too injured to fight recklessly!
You are too injured to fight recklessly!
You are too injured to fight recklessly!
You are too injured to fight recklessly!
You are too injured to fight recklessly!
You are too injured to fight recklessly!
You are too injured to fight recklessly!
Items here: ))))) [[[ ÷÷÷÷.
The jelly hits you.
* * * LOW HITPOINT WARNING * * *
You are splashed with acid!
You die...

.###.######## ♣...........#
♣##########.# # #.# # #.# #
≈...≈≈P #.# #
≈≈≈≈...≈≈≈♣♣#########.# #
P≈....≈≈≈♣♣..J@......#
####### PP≈≈..≈≈♣
#.#######..# #......
≈...≈≈♣≈##.### #..# #.####. .
≈≈..≈♣≈#.....# ###..# #.# #.
.###...≈♣.#.....###..>.# #.#
#.
.......P♣....)...)....#####.#
##
##<#...####.....###.........#
#.#.#### #.....# #...#####.#
##.#....# ###.### #.#.......#


You could see a jelly.

Vanquished Creatures
  3 adders
  An adder zombie (D:3)
  13 orcs
  7 ball pythons
  7 endoplasms
  4 giant cockroaches
  4 goblins
  6 hobgoblins
  4 kobolds
  3 quokkas
  A ball python zombie (D:3)
  4 bats
  2 frilled lizards
  7 rats
66 creatures vanquished.

Vanquished Creatures (others)
  2 plants (D:4)
2 creatures vanquished.

Grand Total: 68 creatures vanquished

Notes
Turn   | Place    | Note
-------+----------+-------------------------------------------
     0 | Abyss:1  | freelancePsychic the Minotaur Abyssal Knight began the
                  | quest for the Orb.
     0 | Abyss:1  | Reached XP level 1. HP: 19/19 MP: 1/1
     0 | Abyss:1  | Found a corrupted altar of Lugonu.
    22 | Abyss:1  | Found a corrupted altar of Lugonu.
    96 | Abyss:1  | Found a corrupted altar of Lugonu.
   100 | D:1      | Escaped the Abyss
   103 | D:1      | Noticed a troll
   103 | D:1      | Noticed a naga
   105 | D:1      | Noticed a tengu
   105 | D:1      | Noticed a human
   107 | D:1      | Noticed a minotaur
   107 | D:1      | Noticed a centaur
   109 | D:1      | Noticed a merfolk
   111 | D:1      | Noticed a draconian
   113 | D:1      | Noticed a vine stalker
   113 | D:1      | Noticed a felid
   115 | D:1      | Noticed a spriggan
   115 | D:1      | Noticed a ghoul
   117 | D:1      | Noticed a palentonga
   117 | D:1      | Noticed an octopode
   119 | D:1      | Noticed a barachi
   119 | D:1      | Noticed an ogre
   121 | D:1      | Noticed a gargoyle
   121 | D:1      | Noticed a formicid
   123 | D:1      | Noticed a vampire
   125 | D:1      | Noticed an elf
   125 | D:1      | Noticed a demigod
   127 | D:1      | Noticed a demonspawn
   127 | D:1      | Noticed a dwarf
   175 | D:1      | Reached skill level 3 in Maces & Flails
   508 | D:1      | Reached XP level 2. HP: 25/26 MP: 2/2
   943 | D:1      | Reached skill level 4 in Maces & Flails
  1403 | D:2      | Reached XP level 3. HP: 28/31 MP: 3/3
  1688 | D:2      | Reached ** piety under Lugonu
  2737 | D:2      | Found a faded altar of an unknown god.
  2877 | D:3      | Reached skill level 5 in Maces & Flails
  2998 | D:3      | Found a glowing golden altar of the Shining One.
  2999 | D:3      | Found a radiant altar of Vehumet.
  3003 | D:3      | Found an iron altar of Okawaru.
  3007 | D:3      | Found a shimmering blue altar of Sif Muna.
  3025 | D:3      | Reached XP level 4. HP: 34/39 MP: 4/4
  3362 | D:3      | Found a runed translucent gate.
  3362 | D:3      | Found a runed translucent gate.
  3362 | D:3      | Found a runed translucent gate.
  3362 | D:3      | Noticed leviel's ghost (weakling MiFi)
  3365 | D:3      | Found a basalt altar of Yredelemnul.
  4506 | D:4      | Splashed by a jelly's acid

Illustrated notes

Levels and vault maps discovered:
D:1:      kb_arrival_jail, layout_basic
D:2:      layout_basic, shapermc_ecumenical_altar_flowoftime, patterned_corridor
D:3:      layout_loops_cross, nicolae_yredelemnul_ghost_church,
          chequers_temple_overflow_statue_of_worship
D:4:      layout_loops_ring, serial_bayou, serial_bayou_pond_b,
          serial_bayou_pond_b, serial_bayou_pond_d, serial_bayou_ford_a

Skill      XL: |  1  2  3  4 |
---------------+-------------+-----
Maces & Flails | 3 4 5 |  5.9
Invocations    | 2 |  2.0
Fighting       | |  3.6
Armour         | |  2.4
Dodging        | |  1.1

Action                   |  1- 3 |  4- 6 || total
-------------------------+-------+-------++-------
Melee: Mace              |    96 |     5 ||   101
       Headbutt          |    14 |    10 ||    24
       Morningstar       |       |    65 ||    65
 Fire: Hunting sling     |    22 |       ||    22
Throw: Stone             |    27 |       ||    27
  Use: Scroll            |       |     1 ||     1
Armor: Leather armour    |    26 |       ||    26
       Scale mail        |     9 |    31 ||    40
Dodge: Dodged            |    71 |    23 ||    94
Block: Kite shield       |       |    14 ||    14

Table legend: (Time is in decaauts)
 A = Elapsed time spent in this place.
 B = Non-inter-level travel time spent in this place.
 C = Inter-level travel time spent in this place.
 D = Time resting spent in this place.
 E = Time spent auto-exploring this place.
 F = Levels seen in this place.
 G = Mean time per level.
                   A        B        C        D        E       F      G
               +--------+--------+--------+--------+--------+-----+--------+
         Total |   4554 |   4474 |     80 |    578 |   3351 |   5 |  910.8 |
       Dungeon |   4454 |   4374 |     80 |    578 |   3257 |   4 | 1113.5 |
         Abyss |    100 |    100 |      0 |      0 |     94 |   1 |  100.0 |
               +--------+--------+--------+--------+--------+-----+--------+

Top non-repeatable levels by time:
     D:2: 1653 daAuts
     D:3: 1251 daAuts
     D:1: 1111 daAuts
     D:4: 438 daAuts
 Abyss:1: 100 daAuts
